 Dungeon Crawl Stone Soup version 0.27-a0-1158-gaa87e14f67 (webtiles) character file.

Game seed: 7358350045203198841

805 jasper the Dealer of Despair (level 7, -1/52 HPs)
             Began as a Demonspawn Wanderer on May 15, 2021.
             Was an Elder of Kikubaaqudgha.
             Slain by a wyvern zombie (12 damage)
             ... on level 5 of the Dungeon.
             The game lasted 00:09:24 (4634 turns).

jasper the Dealer of Despair (Demonspawn Wanderer)  Turns: 4634, Time: 00:09:24

Health: -1/52      AC:  4    Str: 12    XL:     7   Next: 60%
Magic:  5/8        EV: 12    Int: 17    God:    Kikubaaqudgha [****..]
Gold:   235        SH:  8    Dex: 11    Spells: 0/8 levels left

rFire    . . .     SeeInvis .   q - +0 long sword
rCold    . . .     Faith    .   m - +0 buckler
rNeg     . . .     Spirit   .   (no armour)
rPois    .         Reflect  .   (no helmet)
rElec    .         Harm     .   (no cloak)
rCorr    .         Rampage  .   s - +0 pair of gloves
Will     .....                  j - +2 pair of boots
Stlth    +.........             (no amulet)
HPRegen  0.17/turn              (no ring)
MPRegen  0.11/turn              (no ring)

@: no status effects
A: talons 1, large bone plates 1, demonic guardian 1, spiny 1
a: Renounce Religion, Receive Corpses


You were on level 5 of the Dungeon.
You worshipped Kikubaaqudgha.
Kikubaaqudgha was greatly pleased with you.
You visited 1 branch of the dungeon, and saw 5 of its levels.

You collected 271 gold pieces.
You spent 36 gold pieces at shops.

Inventory:

Hand Weapons
 a - a +2 dagger
 d - a +0 spear
 h - a +0 whip
 l - a +0 short sword
 q - a +0 long sword (weapon)
Missiles
 b - a curare-tipped dart
 k - 162 stones (quivered)
 r - 15 poisoned darts
Armour
 e - a +0 robe
 j - a +2 pair of boots (worn)
 m - a +0 buckler (worn)
 o - a +0 scale mail
 s - a +0 pair of gloves (worn)
Wands
 p - a wand of digging (3)
Scrolls
 g - 3 scrolls of identify
Potions
 f - a potion of attraction
 i - 3 potions of brilliance
 n - a potion of mutation


   Skills:
 + Level 3.6 Fighting
 + Level 1.9 Long Blades
 - Level 1.7 Polearms
 - Level 1.0 Throwing
 + Level 1.7 Armour
 + Level 2.9 Dodging
 - Level 1.0 Stealth
 - Level 4.0 Shields
 - Level 1.0 Spellcasting
 * Level 4.2 Necromancy
 - Level 1.7 Earth Magic
 - Level 1.0 Evocations


You couldn't memorise any spells.
You knew the following spells:

 Your Spells              Type           Power      Damage    Failure   Level
a - Animate Skeleton      Necr           30%        N/A       3%          1
b - Vampiric Draining     Necr           7%         2d7       12%         3
c - Animate Dead          Necr           7%         N/A       36%         4

Your spell library contained the following spells:

 Spells                   Type           Power      Damage    Failure   Level
 Pain                     Necr           60%        1d7       3%          1
 Sublimation of Blood     Necr           7%         N/A       6%          2
 Dispel Undead            Necr           15%        3d10      36%         4
 Agony                    Necr           15%        N/A       71%         5
 Borgnjor's Vile Clutch   Necr/Erth      5%         N/A       87%         5
 Death Channel            Necr           7%         N/A       99%         6


Dungeon Overview and Level Annotations

Branches:
Dungeon (5/15)
 Temple: D:4-7

Altars:
Ashenzari
Elyvilon
Kikubaaqudgha
Okawaru
Qazlal
Sif Muna
Uskayaw

Shops:
D:1 !

Annotations:
D:3 exclusion: 2 doors


Innate Abilities, Weirdness & Mutations

You have sharp toenails.
You are partially covered in large bone plates. (SH +4)
A weak demonic guardian rushes to your aid.
You are partially covered in sharp spines.


Message History

You block the two-headed ogre's attack.
The two-headed ogre hits you but does no damage.
You block the iguana's attack.
The iguana hisses menacingly.
The iguana is struck by your spines. The iguana closely misses you.
You riposte.
You closely miss the iguana.
The iguana is lightly wounded.
The bullfrog zombie misses you.
The frilled lizard is struck by your spines.
You kill the frilled lizard!
Kikubaaqudgha accepts your kill.
The iguana hisses angrily.
You hear an angry hiss.
A frilled lizard comes into view.
The iguana bites you.
* * * LOW HITPOINT WARNING * * *
There is an open door here.
You take 3 damage, and have 15/52 hp.
The wyvern zombie is struck by your spines.
The wyvern zombie bites you.
* * * LOW HITPOINT WARNING * * *
The wyvern zombie bites you but does no damage.
The iguana hisses menacingly.
The iguana barely misses you.
You riposte.
You closely miss the iguana.
You take 3 damage, and have 12/52 hp.
You block the wyvern zombie's attack. The iguana is struck by your spines.
The iguana barely misses you.
You miss the frilled lizard.
The wyvern zombie is struck by your spines.
The wyvern zombie bites you.
* * * LOW HITPOINT WARNING * * *
The two-headed ogre closely misses you.
You riposte.
You slash the two-headed ogre!
The two-headed ogre is lightly wounded.
The two-headed ogre closely misses you.
The iguana hisses menacingly.
The iguana misses you. The frilled lizard closely misses you.
The wyvern zombie is struck by your spines.
The wyvern zombie bites you!
You die...
Kikubaaqudgha rasps: "You have failed me!
Welcome... death!"

##g## #......#
#####.## #......#
#......## #g.....#
#.###.#.## #......#
#.##.#### #g.....# #
#.###...# #......#.#
#.###...# #g.......#
#.......#####gg(...##
######+#l@O##.†....##
.....'.Zl'll.........
####.#..g######......
# # ##### ...... #.
...... #. ..... #.
##. ..... #. .. #.
##.. #.


You could see a two-headed ogre, a gnoll shaman, 2 iguanas, a wyvern zombie and
2 frilled lizards.

Vanquished Creatures
  A necrophage (D:4)
  A scorpion (D:5)
  A water moccasin skeleton (D:5)
  A howler monkey (D:4)
  2 hounds (D:4)
  A jelly (D:3)
  A centaur skeleton (D:4)
  An iguana (D:4)
  Terence (D:2)
  An orc wizard (D:5)
  A hound skeleton (D:4)
  6 adders
  An ufetubus (D:5)
  2 dart slugs
  8 orcs
  8 endoplasms
  3 giant cockroaches
  8 goblins
  5 hobgoblins
  8 jackals
  21 kobolds
  2 quokkas
  12 ball pythons
  7 bats
  3 frilled lizards
  7 rats
113 creatures vanquished.

Vanquished Creatures (collateral kills)
  Grinder (D:3)
  A jelly (D:3)
  4 endoplasms (D:3)
6 creatures vanquished.

Vanquished Creatures (others)
  9 fungi (D:3)
  7 plants (D:5)
  11 toadstools (D:3)
27 creatures vanquished.

Grand Total: 146 creatures vanquished

Notes
Turn   | Place    | Note
-------+----------+-------------------------------------------
     0 | D:1      | jasper the Demonspawn Wanderer began the quest for the Orb.
     0 | D:1      | jasper set off with the following items: a +2 dagger, 4
                  | curare-tipped darts, a potion of curing, a +0 spear, a +0
                  | robe
     0 | D:1      | Reached XP level 1. HP: 15/15 MP: 2/2
   150 | D:1      | Found a faded altar of an unknown god.
   267 | D:1      | Gained mutation: You are partially covered in sharp spines.
                  | [demonic ancestry]
   267 | D:1      | Reached XP level 2. HP: 20/21 MP: 3/3
   272 | D:1      | Became a worshipper of Kikubaaqudgha
   272 | D:1      | Reached * piety under Kikubaaqudgha
   272 | D:1      | Identified Kikubaaqudgha's Handbook of Evil (Kikubaaqudgha
                  | gifted it to you on level 1 of the Dungeon)
   272 | D:1      | Received a gift from Kikubaaqudgha
   305 | D:1      | Found Juybe's Distillery.
   668 | D:1      | Reached skill level 1 in Necromancy
   668 | D:1      | Reached XP level 3. HP: 27/27 MP: 4/4
   893 | D:1      | Bought a potion of curing for 36 gold pieces
   907 | D:2      | Reached ** piety under Kikubaaqudgha
   920 | D:2      | Learned a level 1 spell: Animate Skeleton
   924 | D:2      | Learned a level 3 spell: Vampiric Draining
  1481 | D:2      | Gained mutation: You are partially covered in large bone
                  | plates. (SH +4) [demonic ancestry]
  1481 | D:2      | Reached XP level 4. HP: 34/34 MP: 5/5
  1506 | D:2      | Reached skill level 1 in Shields
  1545 | D:2      | Noticed Terence
  1562 | D:2      | Killed Terence
  2117 | D:3      | Reached *** piety under Kikubaaqudgha
  2117 | D:3      | Identified Kikubaaqudgha's Tome of Evil Rites
                  | (Kikubaaqudgha gifted it to you on level 3 of the Dungeon)
  2117 | D:3      | Received a gift from Kikubaaqudgha
  2128 | D:3      | Found a shimmering blue altar of Sif Muna.
  2225 | D:3      | Gained mutation: A weak demonic guardian rushes to your
                  | aid. [demonic ancestry]
  2225 | D:3      | Reached XP level 5. HP: 39/39 MP: 6/6
  2672 | D:3      | Found a hide-covered altar of Uskayaw.
  2716 | D:3      | Found a stormy altar of Qazlal.
  2900 | D:3      | Noticed Grinder
  2908 | D:3      | Paralysed by Grinder for 4 turns
  2918 | D:3      | Paralysed by Grinder for 4 turns
  2929 | D:3      | Paralysed by Grinder for 4 turns
  2965 | D:3      | Killed Grinder
  2966 | D:3      | Reached XP level 6. HP: 12/46 MP: 7/7
  3762 | D:4      | Found a broken altar of Ashenzari.
  3772 | D:4      | Reached **** piety under Kikubaaqudgha
  3773 | D:4      | Reached skill level 1 in Long Blades
  3872 | D:4      | Reached skill level 1 in Armour
  3872 | D:4      | Gained mutation: You have sharp toenails. [demonic
                  | ancestry]
  3872 | D:4      | Reached XP level 7. HP: 46/52 MP: 8/8
  4039 | D:5      | Entered Level 5 of the Dungeon
  4105 | D:5      | Learned a level 4 spell: Animate Dead
  4134 | D:5      | Noticed a two-headed ogre
  4190 | D:5      | Found an iron altar of Okawaru.
  4634 | D:5      | Slain by a wyvern zombie

Illustrated notes

Levels and vault maps discovered:
D:1:      nzn_arrival_depleted_hourglass, layout_rooms, basic_ecumenical_altar,
          serial_shops, shop
D:2:      layout_loops_ring, uniq_terence
D:3:      cheibrodos_fertilizer, layout_basic, nicolae_qazlal_general_emergency,
          nicolae_overflow_crystal_walls, lemuel_doored_altar,
          lemuel_tele_altar, roderic_malta_cross, uniq_grinder
D:4:      layout_rooms, cheibrodos_ashenzari_chains,
          kennysheep_decorative_pillar, st_stairs_7
D:5:      layout_basic, overflow_temple_1_default, minmay_lizard_king

Skill      XL: |  1  2  3  4  5  6  7 |
---------------+----------------------+-----
Fighting       | 2 3 |  3.6
Necromancy     | 1 2 3 4 |  4.2
Dodging        | 2 |  2.9
Shields        | 2 4 |  4.0
Long Blades    | 1 |  1.9
Armour         | 1 |  1.7
Polearms       | |  1.7
Throwing       | |  1.0
Stealth        | |  1.0
Spellcasting   | |  1.0
Earth Magic    | |  1.7
Evocations     | |  1.0

Action                   |  1- 3 |  4- 6 |  7- 9 || total
-------------------------+-------+-------+-------++-------
Melee: Dagger            |    90 |   155 |    52 ||   297
       Long sword        |       |       |    49 ||    49
Throw: Dart              |     6 |     6 |       ||    12
       Stone             |       |     1 |       ||     1
 Cast: Vampiric Draining |       |       |     3 ||     3
       Animate Skeleton  |       |       |     1 ||     1
Evoke: Wand              |       |       |     3 ||     3
  Use: Scroll            |     4 |     5 |     1 ||    10
       Potion            |       |     3 |     3 ||     6
 Stab: Sleeping          |     1 |     1 |       ||     2
       Distracted        |       |       |     1 ||     1
Armor: Robe              |    22 |     1 |       ||    23
       Scale mail        |       |    45 |    26 ||    71
       Skin              |       |       |     2 ||     2
Dodge: Dodged            |    45 |    46 |    51 ||   142
Block: Buckler           |     2 |    48 |    56 ||   106
       Rpst.: Long sword |       |       |    10 ||    10

Table legend: (Time is in decaauts)
 A = Elapsed time spent in this place.
 B = Non-inter-level travel time spent in this place.
 C = Inter-level travel time spent in this place.
 D = Time resting spent in this place.
 E = Time spent auto-exploring this place.
 F = Levels seen in this place.
 G = Mean time per level.
                   A        B        C        D        E       F      G
               +--------+--------+--------+--------+--------+-----+--------+
         Total |   4641 |   4442 |    199 |    592 |   2834 |   5 |  928.2 |
       Dungeon |   4641 |   4442 |    199 |    592 |   2834 |   5 |  928.2 |
               +--------+--------+--------+--------+--------+-----+--------+

Top non-repeatable levels by time:
     D:3: 1645 daAuts
     D:4: 974 daAuts
     D:1: 900 daAuts
     D:2: 860 daAuts
     D:5: 260 daAuts
